General information
- name: BNet
- type: Ladder team game (AT/RT)
- host: Battle.net
- saver: ThePukeBox
map: Battleground
- players: 8
- length: 32:50
- speed: Fast
- version: 1.28 W3XP
- replay type: Public
» download(206 KB)
Players
team 1 (winner)

»
Turner04 (
red | 31 APM | 1009 actions | 32:37)
5 Keeper of the Grove
3 Entangling Roots
2 Thorns Aura
4 Priestess of the Moon
2 Trueshot Aura
2 Searing Arrows
» actions
| Assign group hotkey | 16 | |
| Basic commands | 5 | |
| Build / train | 62 | |
| ESC pressed | 4 | |
| Enter build submenu | 22 | |
| Enter hero's abilities submenu | 9 | |
| Give item / drop item | 2 | |
| Right click | 481 | |
| Select / deselect | 257 | |
| Select group hotkey | 92 | |
| Use ability | 59 | |
1009 total
» units
| Wisp | 13 | |
| Archer | 5 | |
| Hippogryph | 11 | |
| Chimaera | 9 | |
38 total
» upgrades
| Nature's Blessing | 1 | |
| Corrosive Breath | 1 | |
| Well Spring | 1 | |
| Ultravision | 1 | |
| Strength of the Wild | 2 | |
| Reinforced Hides | 2 | |
8 total
» buildings
| Altar of Elders | 2 | |
| Moon Well | 9 | |
| Ancient of War | 1 | |
| Tree of Ages | 1 | |
| Tree of Eternity | 1 | |
| Hunter's Hall | 3 | |
| Ancient of Wind | 1 | |
| Chimaera Roost | 4 | |
22 total
» build order
00:20 Altar of Elders
00:27 Altar of Elders
00:32 Moon Well
01:12 Ancient of War
01:41 Moon Well
02:39 Tree of Ages
02:41 Moon Well
03:58 Moon Well
05:06 Tree of Eternity
05:27 Hunter's Hall
05:35 Ancient of Wind
07:19 Hunter's Hall
07:36 Chimaera Roost
07:40 Chimaera Roost
08:13 Chimaera Roost
08:44 Chimaera Roost
09:13 Moon Well
09:20 Moon Well
11:12 Moon Well
12:43 Moon Well
13:42 Moon Well
15:04 Hunter's Hall
» items
ThePukeBox (
blue | 60 APM | 1984 actions | 32:50)
7 Archmage
3 Summon Water Elemental
3 Brilliance Aura
1 Mass Teleport
» actions
| Assign group hotkey | 103 | |
| Basic commands | 184 | |
| Build / train | 74 | |
| Enter build submenu | 32 | |
| Enter hero's abilities submenu | 7 | |
| Give item / drop item | 1 | |
| Remove unit from queue | 1 | |
| Right click | 734 | |
| Select / deselect | 417 | |
| Select group hotkey | 334 | |
| Use ability | 97 | |
1984 total
» units
| Peasant | 22 | |
| Footman | 5 | |
| Dragonhawk Rider | 10 | |
| Rifleman | 2 | |
39 total
» upgrades
| Lumber Harvesting | 2 | |
| Cloud | 1 | |
| Masonry | 1 | |
| Long Rifles | 1 | |
| Gunpowder | 4 | |
| Armor | 3 | |
12 total
» buildings
| Altar of Kings | 1 | |
| Barracks | 3 | |
| Farm | 7 | |
| Scout Tower | 11 | |
| Keep | 1 | |
| Arcane Vault | 1 | |
| Lumber Mill | 1 | |
| Gryphon Aviary | 2 | |
| Guard Tower | 5 | |
| Town Hall | 2 | |
| Castle | 1 | |
| Arcane Tower | 1 | |
| Blacksmith | 2 | |
38 total
» build order
00:51 Altar of Kings
00:53 Barracks
00:55 Farm
00:57 Farm
01:05 Farm
01:07 Farm
02:06 Scout Tower
03:37 Keep
04:22 Arcane Vault
04:24 Lumber Mill
05:58 Gryphon Aviary
06:00 Gryphon Aviary
07:38 Scout Tower
08:03 Farm
08:04 Farm
08:04 Farm
08:58 Scout Tower
08:58 Scout Tower
08:58 Scout Tower
08:59 Scout Tower
08:59 Scout Tower
09:36 Guard Tower
09:39 Town Hall
09:49 Scout Tower
09:50 Scout Tower
09:50 Scout Tower
09:50 Scout Tower
09:56 Guard Tower
10:16 Castle
11:57 Arcane Tower
12:47 Guard Tower
13:21 Guard Tower
15:02 Guard Tower
15:51 Barracks
15:52 Barracks
18:17 Blacksmith
18:20 Blacksmith
22:12 Town Hall
» items
| Scroll of Regeneration | 3 | |
| Scroll of Town Portal | 1 | |
| Staff of Sanctuary | 1 | |
5 total
SMELLING-KID. (
yellow | 59 APM | 1947 actions | 32:50)
4 Blademaster
2 Wind Walk
2 Critical Strike
» actions
| Assign group hotkey | 17 | |
| Basic commands | 146 | |
| Build / train | 69 | |
| Enter build submenu | 20 | |
| Enter hero's abilities submenu | 4 | |
| Give item / drop item | 2 | |
| Remove unit from queue | 2 | |
| Right click | 876 | |
| Select / deselect | 176 | |
| Select group hotkey | 538 | |
| Use ability | 97 | |
1947 total
» units
| Peon | 14 | |
| Troll Batrider | 16 | |
| Raider | 4 | |
| Wind Rider | 4 | |
38 total
» upgrades
| Ranged Weapons | 2 | |
| Reinforced Defenses | 1 | |
| Liquid Fire | 1 | |
| Ensnare | 1 | |
| Armor | 2 | |
7 total
» buildings
| Altar of Storms | 1 | |
| Orc Burrow | 6 | |
| War Mill | 1 | |
| Voodoo Lounge | 1 | |
| Watch Tower | 17 | |
| Stronghold | 2 | |
| Beastiary | 2 | |
| Fortress | 2 | |
| Great Hall | 1 | |
33 total
» build order
00:07 Altar of Storms
00:21 Orc Burrow
00:40 War Mill
01:07 Voodoo Lounge
01:53 Watch Tower
02:18 Watch Tower
02:39 Watch Tower
03:31 Stronghold
03:32 Stronghold
03:35 Watch Tower
03:44 Orc Burrow
03:59 Watch Tower
04:36 Orc Burrow
05:09 Watch Tower
05:13 Watch Tower
05:32 Orc Burrow
06:08 Beastiary
06:09 Beastiary
06:39 Fortress
06:40 Fortress
13:48 Great Hall
14:02 Watch Tower
14:03 Watch Tower
14:03 Watch Tower
14:04 Watch Tower
14:04 Watch Tower
14:05 Watch Tower
14:05 Watch Tower
14:06 Watch Tower
16:22 Watch Tower
16:22 Watch Tower
21:20 Orc Burrow
21:24 Orc Burrow
» items
| Healing Salve | 1 | |
| Lesser Clarity Potion | 4 | |
| Staff of Teleportation | 1 | |
| Potion of Mana | 1 | |
| Potion of Lesser Invulnerability | 1 | |
| Potion of Invisibility | 1 | |
9 total

»
puffing_donut (
teal | 23 APM | 759 actions | 32:50)
3 Dreadlord
2 Vampiric Aura
1 Carrion Swarm
» actions
| Basic commands | 3 | |
| Build / train | 52 | |
| ESC pressed | 4 | |
| Enter build submenu | 21 | |
| Enter hero's abilities submenu | 3 | |
| Remove unit from queue | 1 | |
| Right click | 398 | |
| Select / deselect | 250 | |
| Use ability | 26 | |
759 total
» units
| Acolyte | 7 | |
| Ghoul | 24 | |
| Crypt Fiend | 4 | |
| Abomination | 1 | |
36 total
» upgrades
| Unholy Strength | 1 | |
| Unholy Armor | 1 | |
| Web | 1 | |
| Disease Cloud | 1 | |
4 total
» buildings
| Altar of Darkness | 1 | |
| Ziggurat | 6 | |
| Graveyard | 2 | |
| Crypt | 2 | |
| Halls of the Dead | 1 | |
| Slaughterhouse | 2 | |
| Black Citadel | 4 | |
| Spirit Tower | 1 | |
19 total
» build order
00:07 Altar of Darkness
00:08 Ziggurat
00:11 Graveyard
00:13 Crypt
00:14 Ziggurat
01:03 Ziggurat
02:18 Ziggurat
02:43 Crypt
02:52 Ziggurat
03:46 Halls of the Dead
04:09 Graveyard
06:12 Slaughterhouse
06:14 Slaughterhouse
06:17 Black Citadel
06:17 Black Citadel
06:18 Black Citadel
08:16 Ziggurat
09:06 Spirit Tower
» items
team 2 (loser)
Cool (
green | 67 APM | 1403 actions | 21:02)
2 Keeper of the Grove
1 Entangling Roots
1 Thorns Aura
» actions
| Assign group hotkey | 17 | |
| Basic commands | 7 | |
| Build / train | 44 | |
| Enter build submenu | 14 | |
| Enter hero's abilities submenu | 2 | |
| Remove unit from queue | 4 | |
| Right click | 859 | |
| Select / deselect | 307 | |
| Select group hotkey | 115 | |
| Use ability | 34 | |
1403 total
» units
» upgrades
» buildings
| Altar of Elders | 1 | |
| Moon Well | 4 | |
| Hunter's Hall | 1 | |
| Ancient of War | 2 | |
| Ancient Protector | 1 | |
| Tree of Ages | 2 | |
| Ancient of Wonders | 1 | |
| Ancient of Wind | 1 | |
| Tree of Life | 2 | |
15 total
» build order
00:06 Altar of Elders
00:19 Moon Well
01:35 Hunter's Hall
01:42 Ancient of War
02:01 Ancient of War
02:16 Moon Well
02:29 Moon Well
05:13 Ancient Protector
05:31 Moon Well
08:18 Tree of Ages
08:19 Tree of Ages
09:12 Ancient of Wonders
10:47 Ancient of Wind
13:53 Tree of Life
17:59 Tree of Life
Chrisdude (
pink | 55 APM | 1163 actions | 21:09)
4 Archmage
2 Summon Water Elemental
1 Brilliance Aura
1 Blizzard
4 Blood Mage
2 Flame Strike
2 Siphon Mana
» actions
| Assign group hotkey | 33 | |
| Basic commands | 25 | |
| Build / train | 60 | |
| Enter build submenu | 22 | |
| Enter hero's abilities submenu | 8 | |
| Right click | 395 | |
| Select / deselect | 300 | |
| Select group hotkey | 248 | |
| Use ability | 72 | |
1163 total
» units
| Peasant | 9 | |
| Rifleman | 5 | |
| Forest Troll Shadow Priest | 1 | |
| Siege Engine | 5 | |
| Flying Machine | 3 | |
23 total
» upgrades
| Gunpowder | 3 | |
| Masonry | 1 | |
| Barrage | 1 | |
| Lumber Harvesting | 2 | |
| Plating | 1 | |
| Flak Cannons | 1 | |
| Flying Machine Bombs | 1 | |
10 total
» buildings
| Barracks | 1 | |
| Altar of Kings | 1 | |
| Farm | 10 | |
| Lumber Mill | 1 | |
| Blacksmith | 1 | |
| Scout Tower | 4 | |
| Guard Tower | 4 | |
| Arcane Vault | 1 | |
| Keep | 1 | |
| Castle | 1 | |
| Workshop | 4 | |
29 total
» build order
00:23 Barracks
00:38 Altar of Kings
00:54 Farm
01:12 Lumber Mill
01:36 Farm
02:05 Blacksmith
02:16 Farm
02:22 Scout Tower
02:46 Scout Tower
02:53 Guard Tower
03:02 Farm
03:13 Arcane Vault
04:02 Keep
04:49 Guard Tower
06:10 Farm
06:13 Farm
06:19 Farm
06:20 Farm
06:38 Castle
08:03 Workshop
08:05 Workshop
08:07 Workshop
08:49 Farm
08:50 Farm
09:44 Guard Tower
13:44 Workshop
17:33 Scout Tower
17:38 Scout Tower
18:04 Guard Tower
» items
| Lesser Clarity Potion | 2 | |
| Scroll of Regeneration | 1 | |
| Ivory Tower | 2 | |
| Potion of Healing | 1 | |
| Scroll of Town Portal | 2 | |
| Potion of Mana | 2 | |
10 total
SIowpoke (
purple | 92 APM | 3023 actions | 32:50)
6 Archmage
3 Summon Water Elemental
2 Brilliance Aura
1 Mass Teleport
4 Mountain King
2 Storm Bolt
2 Bash
» actions
| Assign group hotkey | 131 | |
| Basic commands | 70 | |
| Build / train | 185 | |
| ESC pressed | 1 | |
| Enter build submenu | 37 | |
| Enter hero's abilities submenu | 10 | |
| Give item / drop item | 7 | |
| Right click | 1044 | |
| Select / deselect | 459 | |
| Select group hotkey | 874 | |
| Use ability | 205 | |
3023 total
» units
| Peasant | 18 | |
| Footman | 7 | |
| Rifleman | 9 | |
| Gryphon Rider | 2 | |
| Dragonhawk Rider | 9 | |
45 total
» upgrades
| Gunpowder | 3 | |
| Armor | 3 | |
| Long Rifles | 1 | |
| Swords | 3 | |
| Masonry | 3 | |
| Lumber Harvesting | 2 | |
| Animal War Training | 1 | |
| Storm Hammers | 2 | |
18 total
» buildings
| Altar of Kings | 1 | |
| Barracks | 2 | |
| Farm | 9 | |
| Lumber Mill | 1 | |
| Arcane Vault | 1 | |
| Blacksmith | 1 | |
| Scout Tower | 22 | |
| Arcane Tower | 4 | |
| Keep | 10 | |
| Town Hall | 2 | |
| Guard Tower | 41 | |
| Castle | 8 | |
| Gryphon Aviary | 2 | |
104 total
» build order
01:05 Altar of Kings
01:07 Barracks
01:08 Barracks
01:15 Farm
01:21 Farm
01:25 Farm
01:37 Farm
01:43 Lumber Mill
02:03 Arcane Vault
02:46 Blacksmith
03:06 Scout Tower
04:23 Arcane Tower
04:23 Arcane Tower
04:23 Arcane Tower
04:51 Keep
04:51 Keep
04:51 Keep
05:30 Farm
06:31 Farm
07:35 Town Hall
07:40 Scout Tower
07:43 Scout Tower
07:46 Scout Tower
08:07 Guard Tower
08:09 Scout Tower
08:14 Guard Tower
09:52 Castle
09:52 Castle
09:52 Castle
09:56 Gryphon Aviary
09:58 Gryphon Aviary
10:02 Guard Tower
10:03 Guard Tower
10:03 Guard Tower
10:16 Scout Tower
10:19 Scout Tower
10:42 Scout Tower
11:02 Guard Tower
11:02 Guard Tower
11:02 Guard Tower
11:02 Guard Tower
11:04 Guard Tower
11:04 Guard Tower
11:05 Guard Tower
11:10 Scout Tower
11:13 Scout Tower
11:15 Scout Tower
11:18 Scout Tower
11:30 Guard Tower
13:06 Guard Tower
13:06 Guard Tower
13:06 Guard Tower
16:27 Town Hall
17:36 Scout Tower
17:37 Scout Tower
17:42 Scout Tower
17:43 Scout Tower
17:54 Scout Tower
17:56 Scout Tower
17:57 Scout Tower
17:58 Scout Tower
18:00 Scout Tower
18:01 Scout Tower
18:28 Guard Tower
18:28 Guard Tower
18:28 Guard Tower
18:29 Guard Tower
18:37 Guard Tower
18:38 Guard Tower
18:38 Guard Tower
18:38 Guard Tower
18:42 Guard Tower
18:42 Guard Tower
19:07 Guard Tower
19:07 Guard Tower
19:53 Guard Tower
19:53 Guard Tower
20:13 Guard Tower
20:13 Guard Tower
22:52 Farm
24:17 Keep
24:17 Keep
24:17 Keep
24:18 Keep
24:40 Farm
24:52 Farm
26:40 Castle
26:40 Castle
26:40 Castle
» items
| Scroll of Regeneration | 7 | |
| Mechanical Critter | 6 | |
| Scroll of Town Portal | 3 | |
| Staff of Sanctuary | 1 | |
| Boots of Speed | 1 | |
| Periapt of Vitality | 2 | |
| Potion of Lesser Invulnerability | 2 | |
| Staff of Teleportation | 1 | |
23 total
Smaug (
orange | 87 APM | 1548 actions | 17:53)
4 Mountain King
2 Storm Bolt
2 Bash
1 Archmage
1 Summon Water Elemental
» actions
| Assign group hotkey | 15 | |
| Build / train | 55 | |
| ESC pressed | 1 | |
| Enter build submenu | 18 | |
| Enter hero's abilities submenu | 5 | |
| Give item / drop item | 2 | |
| Right click | 443 | |
| Select / deselect | 360 | |
| Select group hotkey | 591 | |
| Use ability | 58 | |
1548 total
» units
| Peasant | 7 | |
| Footman | 7 | |
| Rifleman | 9 | |
| Mortar Team | 2 | |
| Flying Machine | 3 | |
28 total
» upgrades
| Defend | 1 | |
| Lumber Harvesting | 1 | |
| Gunpowder | 1 | |
| Armor | 1 | |
| Long Rifles | 1 | |
5 total
» buildings
| Altar of Kings | 1 | |
| Barracks | 2 | |
| Farm | 8 | |
| Scout Tower | 2 | |
| Arcane Vault | 1 | |
| Arcane Tower | 1 | |
| Lumber Mill | 1 | |
| Guard Tower | 1 | |
| Keep | 1 | |
| Blacksmith | 1 | |
| Workshop | 1 | |
| Castle | 1 | |
21 total
» build order
00:26 Altar of Kings
00:35 Barracks
00:58 Farm
01:04 Farm
01:50 Farm
02:09 Scout Tower
02:34 Arcane Vault
02:47 Arcane Tower
02:55 Farm
03:14 Lumber Mill
03:42 Scout Tower
04:11 Guard Tower
04:48 Keep
06:00 Barracks
06:16 Blacksmith
06:54 Farm
06:55 Farm
08:25 Workshop
10:21 Farm
10:22 Farm
15:40 Castle
» items
| Scroll of Regeneration | 6 | |
| Boots of Speed | 1 | |
| Dust of Appearance | 1 | |
| Scroll of Town Portal | 2 | |
| Potion of Healing | 1 | |
11 total
Chat log
(01:27 / All) SMELLING-KID.: who is watching bethesda's press conference in an hour
(01:32 / All) SMELLING-KID.: skyrim 2 baby
(01:35 / All) ThePukeBox: I never follow e3
(01:41 / All) SMELLING-KID.: fallout 5 woo hoo
(01:46 / All) SMELLING-KID.: GOT rpg made by beth
(02:00 / All) SIowpoke: the sound of that makes me want to puke
(03:25 / Allies) puffing_donut: rush or cc
(03:39 / Allies) ThePukeBox: cc
(05:45 / Allies) ThePukeBox: thanks man
(05:51 / Allies) ThePukeBox: I couldn't have done it with 4 foots and 12 militia
(07:10 / Allies) ThePukeBox: back
(07:11 / Allies) ThePukeBox: back
(07:11 / Allies) ThePukeBox: back
(07:12 / Allies) ThePukeBox: back
(07:12 / Allies) ThePukeBox: bakc
(07:13 / Allies) ThePukeBox: back
(07:13 / Allies) ThePukeBox: back
(08:49 / Allies) SMELLING-KID.: red
(08:51 / Allies) SMELLING-KID.: quit being a puss
(09:22 / Allies) ThePukeBox: wood
(09:27 / Allies) SMELLING-KID.: im gonna bat soon
(09:45 / Allies) SMELLING-KID.: tp
(09:46 / Allies) SMELLING-KID.: dudes
(10:02 / Allies) puffing_donut: Hes towering in my base.
(10:03 / Allies) ThePukeBox: I have nothing
(10:03 / Allies) puffing_donut: cmon
(10:10 / Allies) ThePukeBox: I need help to help you
(10:18 / Allies) ThePukeBox: lumber
(10:23 / Allies) puffing_donut: gg
(10:26 / Allies) ThePukeBox: resource me
(10:35 / Allies) ThePukeBox: teal
(10:50 / Allies) puffing_donut: nah fam
(10:53 / Allies) puffing_donut: yall just let medie.
(11:01 / Allies) ThePukeBox: duide
(11:05 / Allies) ThePukeBox: waht do you want me to do
(11:05 / Allies) puffing_donut: red's dying to 6 hunts and a KoTG
(11:06 / Allies) ThePukeBox: vs 2
(11:08 / Allies) ThePukeBox: with mass rifles?
(11:10 / Allies) ThePukeBox: ya fucking retard?
(11:13 / Allies) puffing_donut: send your fuckin 8 riders in
(11:15 / Allies) puffing_donut: and help me.
(11:15 / Allies) ThePukeBox: help
(11:21 / Allies) ThePukeBox: VS RIFLES RETARD?
(11:59 / All) SIowpoke: Green is a whiny noob
(12:00 / Allies) puffing_donut: oh no
(12:00 / Allies) ThePukeBox: LUMBER
(12:03 / All) SIowpoke: total loser noob elf
(12:04 / Allies) puffing_donut: not against fucking rifles
(12:06 / All) Cool: you suck
(12:08 / All) SIowpoke: whines all game when we are ahead
(12:16 / All) SIowpoke: suck my dick bitch
(12:21 / All) Cool: we aren't ahead
(12:24 / All) ThePukeBox: teal is 100% bitch made
(12:24 / All) Cool: they teched u idiot
(12:28 / All) SIowpoke: we are now that you're dead
(12:30 / All) SIowpoke: lot better off
(12:37 / All) Cool: ill lauch when u lose now
(12:42 / All) puffing_donut: ^ teal wont give blue lumber, cause noone helped teal.
(12:57 / All) SIowpoke: don't be a bitch teal, lumber your allies
(13:01 / All) ThePukeBox: lawl
(13:06 / All) ThePukeBox: he's mad cuz I wouldn't go save his base
(13:09 / All) ThePukeBox: with like 6 riders
(13:12 / All) ThePukeBox: vs mass rifle
(13:24 / All) SIowpoke: get this prick away from my expo
(13:24 / All) ThePukeBox: who thinks it's a good idea
(13:30 / All) ThePukeBox: to go low hawk against mass rifle?
(13:32 / All) ThePukeBox: unupgraded?
(13:45 / Allies) SMELLING-KID.: gold plz
(13:47 / All) puffing_donut: Or let a t3 teammate die with aboms that are upgraded come out.
(13:48 / All) puffing_donut: Lol
(13:50 / Allies) Turner04: hit blue
(13:50 / Allies) Turner04: now
(13:52 / All) ThePukeBox: teal just leave
(13:53 / All) ThePukeBox: you're dumb
(14:01 / Allies) puffing_donut: green's basing
(14:03 / Allies) puffing_donut: at my base
(14:09 / Allies) puffing_donut: just a heads up
(14:19 / Allies) puffing_donut: Make a shop
(14:23 / Allies) puffing_donut: so i can get a tiny town hall
(14:29 / Allies) puffing_donut: nvm
(14:31 / Allies) puffing_donut: u got one
(14:41 / Allies) puffing_donut: blue
(14:43 / Allies) puffing_donut: swap me./
(14:47 / Allies) puffing_donut: 500lum for 400g
(15:29 / Allies) ThePukeBox: lubmer
(15:39 / Allies) puffing_donut: i'll swap you
(15:43 / Allies) puffing_donut: i need to buy a tiny town hall.
(15:57 / All) SIowpoke: I have noob allies
(16:03 / All) Cool: says the guy with 4k gold haha
(16:11 / All) Chrisdude: lol
(16:11 / Allies) puffing_donut: blue?
(16:12 / Allies) puffing_donut: 400/
(16:49 / Allies) puffing_donut: yllow
(16:52 / Allies) puffing_donut: let me borrow 400g
(17:33 / Allies) ThePukeBox: gold
(17:36 / Allies) ThePukeBox: didn't notice on my main
(18:01 / Allies) puffing_donut: someone
(18:01 / All) SMELLING-KID.: green noobbb
(18:02 / Allies) puffing_donut: let me get 400g
(18:03 / Allies) puffing_donut: llolol
(18:14 / All) Cool: purp has 5k gold
(18:17 / All) SIowpoke: scrub allies
(18:20 / All) SIowpoke: Oj refuses to give me wood
(18:25 / All) SMELLING-KID.: green noob
(18:26 / All) SIowpoke: doesn't think his base is worth 1k lumber
(18:41 / Allies) ThePukeBox: gold me yellow
(18:46 / All) puffing_donut: i can't even get 400 gold to restart my base lol
(18:48 / All) SIowpoke: I think 1k lumber to keep your base is a small price to pay
(18:51 / All) SIowpoke: what about you guys?
(18:53 / All) puffing_donut: after i gave blue 500 lum :(
(19:08 / All) SMELLING-KID.: green noob
(19:15 / All) SIowpoke: Green is mega noob
(19:23 / All) Cool: 6k gold
(19:28 / All) SMELLING-KID.: teal do u even have an acolyte
(19:36 / Allies) puffing_donut: No.
(19:38 / All) SIowpoke: and what you got green? not even a base
(19:46 / All) Cool: no shit, I had to 3v1
(19:49 / All) SMELLING-KID.: teal how areu gonna build dude
(19:52 / All) SMELLING-KID.: ur 0/0
(19:55 / All) Cool: because you have 0 map awareness
(19:59 / Allies) puffing_donut: i can borrow a unit
(20:00 / Allies) puffing_donut: and build
(20:01 / Allies) puffing_donut: lol
(20:10 / Allies) puffing_donut: Like let me use ur BM for 2 seconds
(20:33 / Allies) puffing_donut: 500g?
(20:38 / All) SIowpoke: PINK TK
(21:13 / All) SIowpoke: Pink is a bitch mode tker
(21:29 / Allies) puffing_donut: dan
(21:30 / Allies) puffing_donut: damn*
(21:32 / Allies) puffing_donut: i can't do it
(21:33 / Allies) puffing_donut: lol
(21:46 / Allies) puffing_donut: shoulda used my hero
(21:47 / Allies) puffing_donut: :/
(21:49 / Allies) puffing_donut: oh well
(22:00 / Allies) SMELLING-KID.: shoulda coulda woulda
(22:16 / Allies) SMELLING-KID.: here is tiny hall
(22:17 / Allies) SMELLING-KID.: blue
(23:01 / All) puffing_donut: purp that strike force is nutz.
(23:12 / All) ThePukeBox: mass rifle sucks facing
(23:24 / All) SIowpoke: I didn't mass rifles
(23:27 / All) SIowpoke: had 4-6 for creeping dragons
(23:30 / All) ThePukeBox: pink and orange
(23:33 / All) SMELLING-KID.: i aht ehippo so much
(25:04 / All) SMELLING-KID.: time to leave
(25:05 / All) SMELLING-KID.: turner
(25:53 / All) SIowpoke: stop killing my shit jake
(26:27 / All) ThePukeBox: dumb teal seriously thought dhawks vs rifles was a good move
(26:30 / All) ThePukeBox: mass rifle
(26:33 / All) ThePukeBox: plus their heroes
(26:40 / All) SMELLING-KID.: teal?
(26:43 / All) SMELLING-KID.: teal was undead
(26:45 / All) ThePukeBox: yeah
(26:47 / All) ThePukeBox: he wanted me to save his base
(26:51 / All) ThePukeBox: with ym dhawk
(26:53 / All) ThePukeBox: vs mass rifle
(27:02 / All) SMELLING-KID.: i dont even remember what units teal had
(27:10 / All) ThePukeBox: this is why he's 5-11
(27:18 / All) SMELLING-KID.: i did my job. took out green with bats
(27:23 / All) ThePukeBox: 5-12 and deservedly so
(28:20 / All) ThePukeBox: will be slow going
(28:24 / All) ThePukeBox: killing my stuff
(29:37 / All) SIowpoke: I have runed bracers, pendant of energy, endurance aura
(29:40 / All) SIowpoke: no one to use it on
(30:04 / All) ThePukeBox: I have janggo, sobi mask, doom horn
(32:06 / All) ThePukeBox: imagine a retard trying to kill a base like this
(32:08 / All) ThePukeBox: a dead base
(32:10 / All) ThePukeBox: instead of expo
(32:14 / All) ThePukeBox: I've had allies like that
(32:20 / All) ThePukeBox: have to kill every single building in a base before moving on
(32:39 / All) ThePukeBox: just finish it neither of them talking